 Dungeon Sprint DCSS version 0.29.1-12-g30fa7ad0bf (webtiles) character file.

Game seed: 2443618857527762611

352 boopmooplesden the Carver (level 6, -5/67 HPs)
             Began as a Minotaur Berserker on Dec 12, 2022.
             Was an Elder of Trog.
             Slain by a two-headed ogre
             ... wielding a +0 giant club
              (19 damage)
             ... in the Dungeon (Sprint IX: "|||||||||||||||||||||||||||||").
             The game lasted 00:00:40 (487 turns).

boopmooplesden the Carver (Minotaur Berserker)       Turns: 487, Time: 00:00:41

Health: -5/67      AC: 13    Str: 24    XL:     6   Next: 34%
Magic:  5/5        EV:  8    Int:  7    God:    Trog [****..]
Gold:   0          SH:  0    Dex: 12    Spells: 5/5 levels left

rFire   . . .      SeeInvis .   l - +2 scimitar (flame)
rCold   . . .      Faith    .   (no shield)
rNeg    . . .      Spirit   .   n - +0 plate armour
rPois   .          Reflect  .   (helmet restricted)
rElec   .          Harm     .   m - +0 cloak
rCorr   .          Rampage  .   (no gloves)
Will    .....      NoTele   +   (no boots)
Stlth   ..........              (no amulet)
HPRegen 0.21/turn               o - +3 ring of strength
MPRegen 0.09/turn               p - +3 ring of intelligence

@: on berserk cooldown, slowed, very slow
A: horns 2, retaliatory headbutt
a: Renounce Religion, Berserk, Trog's Hand, Brothers in Arms


You were in the Dungeon.
You worshipped Trog.
Trog was greatly pleased with you.
You visited 1 branch

Inventory:

Hand Weapons
 a - a +0 falchion
 k - the +7 Spriggan's Knife {stab, EV+4 Stlth+}
   (You found it in the Dungeon)

   It is more effective when stabbing unaware enemies, sometimes treating them
   as though they were completely helpless.
   EV:        It affects your evasion (+4).
   Stlth:     It makes you more stealthy.
 l - a +2 scimitar of flaming (weapon)
Armour
 b - a +0 animal skin
 m - a +0 cloak (worn)
 n - a +0 plate armour (worn)
Jewellery
 o - a +3 ring of strength (left hand)
 p - a +3 ring of intelligence (right hand)
Wands
 j - a wand of iceblast (10)
Scrolls
 h - 2 scrolls of blinking
Potions
 c - 5 potions of curing
 d - 3 potions of heal wounds
 e - a potion of haste
 f - 4 potions of magic
 g - a potion of berserk rage
 i - a potion of invisibility


   Skills:
 + Level 10.7 Fighting
 + Level 10.8 Long Blades
 + Level 5.8 Armour
 + Level 5.5 Dodging


You had 5 spell levels left.
You didn't know any spells.
Your spell library was empty.

Dungeon Overview and Level Annotations

Branches:
Dungeon (1/1)

Altars:
Cheibriados
Dithmenos
Elyvilon
Fedhas
Gozag
Hepliaklqana
Kikubaaqudgha
Makhleb
Nemelex Xobeh
Okawaru
Qazlal
Ru
Sif Muna
Trog
Uskayaw
Vehumet
Wu Jian
Xom
Yredelemnul
Zin
The Shining One
Jiyva
Lugonu


Innate Abilities, Weirdness & Mutations

You have a pair of horns on your head.
You reflexively headbutt those who attack you in melee.


Message History

The gnoll sergeant hits you but does no damage.
Your Fighting skill increases to level 10!
Your Long Blades skill increases to level 10!
Your Armour skill increases to level 5!
Your Dodging skill increases to level 5!
You have reached level 6!
The gnoll sergeant hits you with a +7 vorpal spear.
There is an open door to the Dungeon, spattered with blood here.
Things that are here:
a +0 battleaxe; a +0 plate armour You slash the gnoll sergeant!
You burn the gnoll sergeant.
The gnoll sergeant is heavily wounded.
You slice the gnoll sergeant!! You burn the gnoll sergeant.
You kill the gnoll sergeant!
Trog accepts your kill.
You barely miss the yak. Your headbutt misses the yak.
The wyvern hisses menacingly.
The yak gores you.
You hit the yak. You burn the yak. You headbutt the yak, but do no damage.
The yak is lightly wounded.
You are no longer berserk.
You are exhausted.
You feel as though you will be slow longer.
The yak closely misses you. You furiously retaliate!
You headbutt the yak! You hit the yak but do no damage.
The yak is heavily wounded.
The yak gores you.
You hit the yak. You burn the yak. You headbutt the yak.
The yak is severely wounded.
The yak barely misses you. The yak gores you but does no damage.
You barely miss the yak.
The yak is severely wounded.
The yak gores you!
You slash the yak! You burn the yak.
You kill the yak!
Trog accepts your kill.
The two-headed ogre hits you with a +0 giant club!!
* * * LOW HITPOINT WARNING * * *
The two-headed ogre hits you with a +0 giant club!!
You die... ▓▓▓▓▓▓▓▓▓▓▓▓▓▓▓▓▓▓▓▓▓▓▓▓ ______'.?)..[...@Ol....+ ▓▓▓▓▓▓▓▓▓▓▓▓▓▓▓▓▓▓▓▓▓▓▓▓

You could see a two-headed ogre and a wyvern.

Vanquished Creatures
  A wraith (D)
  A yak (D)
  An orc warrior (D)
  A gnoll sergeant (D)
  A hound (D)
  An adder (D)
  3 orcs (D)
  A ball python (D)
  3 goblins (D)
  A rat (D)
14 creatures vanquished.

Notes
Turn   | Place    | Note
-------+----------+-------------------------------------------
     0 | D        | boopmooplesden the Minotaur Berserker began the quest for
                  | the Orb.
     0 | D        | Reached XP level 1. HP: 19/19 MP: 0/0
    10 | D        | Reached ** piety under Trog
   160 | D        | Noticed a hound
   164 | D        | Reached XP level 2. HP: 28/28 MP: 1/1
   165 | D        | Reached *** piety under Trog
   167 | D        | Reached skill level 5 in Fighting
   167 | D        | Reached skill level 5 in Long Blades
   170 | D        | Reached XP level 3. HP: 38/38 MP: 2/2
   406 | D        | Found a snail-covered altar of Cheibriados.
   406 | D        | Found a shadowy altar of Dithmenos.
   406 | D        | Found a white marble altar of Elyvilon.
   406 | D        | Found a blossoming altar of Fedhas.
   406 | D        | Found an opulent altar of Gozag.
   407 | D        | Found a hazy altar of Hepliaklqana.
   408 | D        | Found a viscous altar of Jiyva.
   409 | D        | Found an ancient bone altar of Kikubaaqudgha.
   410 | D        | Found a corrupted altar of Lugonu.
   411 | D        | Found a burning altar of Makhleb.
   412 | D        | Found a sparkling altar of Nemelex Xobeh.
   413 | D        | Found an iron altar of Okawaru.
   414 | D        | Found a stormy altar of Qazlal.
   415 | D        | Found a sacrificial altar of Ru.
   416 | D        | Found a shimmering blue altar of Sif Muna.
   417 | D        | Found a bloodstained altar of Trog.
   418 | D        | Found a hide-covered altar of Uskayaw.
   419 | D        | Found a radiant altar of Vehumet.
   420 | D        | Found an ornate altar of the Wu Jian Council.
   421 | D        | Found a shimmering altar of Xom.
   422 | D        | Found a basalt altar of Yredelemnul.
   423 | D        | Found a glowing silver altar of Zin.
   424 | D        | Found a glowing golden altar of the Shining One.
   432 | D        | Found the +7 Spriggan's Knife {stab, EV+4 Stlth+}
   469 | D        | Noticed a wraith
   469 | D        | Noticed an orc warrior
   469 | D        | Noticed a gnoll sergeant
   469 | D        | Noticed a yak
   469 | D        | Noticed a two-headed ogre
   469 | D        | Noticed a wyvern
   474 | D        | Killed a wraith
   474 | D        | Reached **** piety under Trog
   475 | D        | Reached XP level 4. HP: 50/50 MP: 3/3
   475 | D        | Reached XP level 5. HP: 57/57 MP: 4/4
   478 | D        | Killed an orc warrior
   479 | D        | Reached skill level 10 in Fighting
   479 | D        | Reached skill level 10 in Long Blades
   479 | D        | Reached skill level 5 in Armour
   479 | D        | Reached skill level 5 in Dodging
   479 | D        | Reached XP level 6. HP: 66/66 MP: 5/5
   487 | D        | Killed a yak
   487 | D        | Slain by a two-headed ogre

Illustrated notes

Levels and vault maps discovered:
D:        linesprint [early_d, line_temple, items_1, d_10, items_2, lair_1,
          lair_end, items_3, orc_1, orc_end, items_4, d_15, swamp_1, shoals_1,
          snake_1, spider_1, d_20, vaults_1, items_5, swamp_end, shoals_end,
          snake_end, spider_end, vaults_end, d_27, items_6, zot_1, zot_end,
          crypt_end, forest_end, elf_end, slime_end, tomb_end, abyss_end,
          pan_hell_end]

Skill      XL: |  1  2  3  4  5 |
---------------+----------------+-----
Fighting       | 4 6 9 10 | 10.7
Long Blades    | 4 6 9 10 | 10.8
Armour         | 3 4 5 |  5.8
Dodging        | 3 4 5 |  5.5

Action                   |  1- 3 |  4- 6 || total
-------------------------+-------+-------++-------
Melee: Falchion          |    19 |       ||    19
       Headbutt          |     2 |     3 ||     5
       Punch             |     1 |       ||     1
       Scimitar          |     4 |    12 ||    16
Invok: Berserk           |     2 |       ||     2
Armor: Animal skin       |     1 |       ||     1
       Plate armour      |     1 |     3 ||     4
Dodge: Dodged            |     8 |     4 ||    12
